 Dungeon Crawl Stone Soup version 0.21.1-1-g345015fe64 (webtiles) character file.

39626 tacco the Basher (level 13, -10/119 HPs)
             Began as a Minotaur Fighter on May 28, 2018.
             Was a High Priest of the Shining One.
             Mangled by zuik's ghost (30 damage)
             ... on level 6 of the Lair of Beasts on May 30, 2018.
             The game lasted 02:21:29 (13715 turns).

tacco the Basher (Minotaur Fighter)                Turns: 13715, Time: 02:21:29

Health: -10/119    AC: 26    Str: 29    XL:     13   Next: 70%
Magic:  0/14       EV: 10    Int:  5    God:    the Shining One [*****.]
Gold:   456        SH: 20    Dex: 17    Spells: 12/12 levels left

rFire    + . .     SeeInvis .   X - +7 flail (protect)
rCold    . . .     Gourm    .   c - +0 shield
rNeg     + + .     Faith    .   Y - +0 plate armour
rPois    .         Spirit   .   (helmet restricted)
rElec    .         Reflect  .   (no cloak)
rCorr    +         Harm     .   (no gloves)
MR       .....                  O - +3 pair of boots "Voaw" {rCorr Dex+5 Slay+3}
Stlth    ..........             M - amulet of regeneration
HPRegen  0.69/turn              g - ring of protection from fire
MPRegen  0.14/turn              F - +1 ring of slaying

@: mighty, divine shield, protection aura, glowing
A: retaliatory headbutt, horns 2
a: Divine Shield, Cleansing Flame, Summon Divine Warrior, Renounce Religion


You were on level 6 of the Lair of Beasts.
You worshipped the Shining One.
The Shining One was extremely pleased with you.
You were not hungry.

You visited 4 branches of the dungeon, and saw 18 of its levels.

You collected 663 gold pieces.
You spent 207 gold pieces at shops.

Inventory:

Hand Weapons
 b - a +0 battleaxe
 n - a +1 short sword of freezing
 t - a +0 shortbow
 P - a +0 scimitar of flaming
 X - a +7 flail of protection (weapon)
 Z - a +2 vampiric trident
Missiles
 u - 230 arrows (quivered)
 Q - 7 javelins
Armour
 c - a +0 shield (worn)
 O - the +3 pair of boots "Voaw" (worn) {rCorr Dex+5 Slay+3}
   (You found it on level 8 of the Dungeon)

   It affects your dexterity (+5).
   It affects your accuracy and damage with ranged weapons and melee attacks
   (+3).
   It protects you from acid and corrosion.
 Y - a +0 plate armour (worn)
Magical Staves
 m - an uncursed staff of power {unknown}
Jewellery
 a - an uncursed ring of magical power
 g - a ring of protection from fire (left hand)
 x - an uncursed ring of fire
 A - an uncursed amulet of rage
 F - a +1 ring of slaying (right hand)
 I - an uncursed ring of flight
 M - an amulet of regeneration (around neck)
Wands
 k - a wand of iceblast (6)
 q - a wand of scattershot (5)
 r - a wand of polymorph (9)
 H - a wand of digging (11)
Scrolls
 e - 3 scrolls of immolation
 h - 2 scrolls of fog
 l - 5 scrolls of remove curse
 o - 3 scrolls of fear
 p - 7 scrolls of teleportation
 s - 4 scrolls of amnesia
 v - a scroll of blinking
 y - a scroll of summoning
 C - 2 scrolls of magic mapping
 D - a scroll of enchant armour {unknown}
 G - 2 scrolls of acquirement {unknown}
 L - a scroll of noise
 N - a scroll of torment
Potions
 d - a potion of might
 i - 2 potions of curing
 j - 2 potions of invisibility
 w - a potion of berserk rage {unknown}
 z - 6 potions of haste {unknown}
 B - a potion of resistance {unknown}
 E - a potion of experience {unknown}
 J - 2 potions of brilliance {unknown}
 K - a potion of agility {unknown}
 T - a potion of cancellation {unknown}
 U - 2 potions of heal wounds {unknown}
 W - a potion of flight {unknown}
Comestibles
 f - 17 rations


   Skills:
 + Level 12.7 Fighting
 + Level 1.7 Long Blades
 + Level 12.6(14.7) Axes
 + Level 13.0(14.9) Maces & Flails
 + Level 11.4 Armour
 + Level 4.6 Dodging
 + Level 1.2 Stealth
 + Level 12.7 Shields
 + Level 0.1 Invocations
 + Level 3.5 Evocations


You had 12 spell levels left.
You didn't know any spells.

Dungeon Overview and Level Annotations

Branches:
Dungeon (10/15)            Temple (0/1) D:7            Lair (6/6) D:10
 Shoals (1/4) Lair:4       Spider (1/4) Lair:4
  Slime: Lair:5-6       Orc: D:9-12

Altars:
Dithmenos
The Shining One

Shops:
D:4 :=(:   D:8 *?

Annotations:
Lair:5 exclusion: 3 oklob plants
Lair:6 zuik's ghost, journeyman MiBe


Innate Abilities, Weirdness & Mutations

You reflexively headbutt those who attack you in melee.
You have a pair of horns on your head.


Message History

You feel your power leaking away.
You feel better.
Zuik's ghost screams, "Don't try to defend!
You have no chance!"
Zuik's ghost hits you!
* * * LOW HITPOINT WARNING * * *
Evoke which item? (* to show all) (? for menu, Esc to quit)
Aiming: Scattershot
Press: ? - help, Shift-Dir - straight line, f - zuik's ghost
Aim: zuik's ghost, wielding an antimagic weapon (moderately damaged, haloed)
The burst of metal fragments hits zuik's ghost. x6
Zuik's ghost is moderately damaged.
You block zuik's ghost's attack.
Evoke which item? (* to show all) (? for menu, Esc to quit)
Aiming: Iceblast
Press: ? - help, Shift-Dir - straight line, p - zuik's ghost
Okay, then.
As you read the scroll of fear, it crumbles to dust.
You assume a fearsome visage.
Zuik's ghost is unaffected.
Zuik's ghost hits you!!
You die...

..............
................
#.#............≈ ##
#.............≈ #.P
#............≈
...##.........P.≈≈
.........†.....P≈≈
#.....W......≈# ..
#P...††@.....P≈ ...
###...........≈≈
...##.#...†.......≈≈
...................≈
.......†...........≈
...................≈
......†............≈
.P...#..........#≈.≈
#...##..........#


You could see zuik's ghost.

Vanquished Creatures
  Gastronok (Lair:3)
  The ghost of Ivernyr the Ogre Mage, a journeyman OgWz of Sif Muna (Lair:6)
  5 hydras
  Erica (D:8)
  A two-headed ogre (D:8)
  The ghost of tobi4572 the Slinger, a novice CeHu of Trog (D:5)
  The ghost of tobi4572 the Covert, a novice SpAs of Dithmenos (D:7)
  A manticore (Lair:4)
  6 elephants (Lair:5)
  2 black mambas (Lair:3)
  25 spiny frogs
  2 komodo dragons
  A rime drake (Lair:6)
  A merfolk (D:9)
  Grinder (D:5)
  A polar bear (Lair:5)
  23 blink frogs
  3 hippogriffs
  Sigmund (D:6)
  3 redbacks (Lair:4)
  22 yaks
  A basilisk (Lair:3)
  A hungry ghost (D:7)
  4 vampire mosquitoes (Lair:6)
  Menkaure (D:6)
  17 water moccasins
  10 porcupines
  An ice beast (D:5)
  2 orc warriors
  A black bear (D:8)
  A sky beast (D:5)
  5 ogres
  An eye of draining (D:9)
  A necrophage (D:8)
  2 phantoms (D:5)
  20 wolves
  6 centaurs
  6 crocodiles
  Blork the orc (D:4)
  23 bullfrogs
  4 scorpions
  5 wights (D:10)
  2 electric eels
  3 vampire bats (Lair:1)
  4 crimson imps
  2 centaur zombies (D:6)
  2 quasits
  4 bullfrog zombies
  2 jellies
  2 orc priests (D:9)
  2 bullfrog skeletons
  5 hounds
  4 iguanas
  7 orc wizards
  4 worker ants
  A worker ant zombie (D:7)
  11 adders
  3 shadow imps
  2 adder zombies
  2 adder skeletons
  2 worms (D:2)
  3 dart slugs (D:2)
  7 leopard geckos
  39 orcs
  19 bats
  4 giant cockroaches
  6 hobgoblins
  20 jackals
  2 quokkas
  2 ball pythons
  5 frilled lizards
  5 goblins
  A jackal zombie (D:5)
  13 kobolds
  10 rats
  2 fungi
  A plant (Lair:1)
419 creatures vanquished.

Vanquished Creatures (others)
  10 fungi
  46 plants
56 creatures vanquished.

Grand Total: 475 creatures vanquished

Notes
Turn   | Place    | Note
-------+----------+-------------------------------------------
     0 | D:1      | tacco the Minotaur Fighter began the quest for the Orb.
     0 | D:1      | Reached XP level 1. HP: 19/19 MP: 0/0
   108 | D:2      | Reached XP level 2. HP: 25/27 MP: 1/1
   522 | D:1      | Reached XP level 3. HP: 33/33 MP: 2/2
  1542 | D:2      | Noticed a centaur
  1545 | D:2      | Reached XP level 4. HP: 39/40 MP: 3/3
  1548 | D:2      | Killed a centaur
  1548 | D:2      | Reached XP level 5. HP: 42/46 MP: 4/4
  1747 | D:2      | Reached skill level 1 in Dodging
  1772 | D:2      | Reached skill level 5 in Axes
  2125 | D:3      | Found a glowing golden altar of the Shining One.
  2133 | D:3      | Became a worshipper of the Shining One
  2399 | D:4      | Noticed Blork the orc
  2409 | D:4      | Killed Blork the orc
  2409 | D:4      | Reached skill level 5 in Shields
  2409 | D:4      | Reached XP level 6. HP: 34/53 MP: 5/5
  2527 | D:5      | Entered Level 5 of the Dungeon
  2567 | D:4      | Found Azaofulepnil's Book Shop.
  2890 | D:4      | Reached skill level 5 in Armour
  3002 | D:4      | Found Apsifuim's Book Boutique.
  3031 | D:4      | Found Jurch's Weapon Emporium.
  3227 | D:4      | Found Curghoyj's Jewellery Boutique.
  3231 | D:4      | Bought a +1 ring of slaying for 84 gold pieces
  3313 | D:4      | Reached XP level 7. HP: 31/60 MP: 6/6
  3425 | D:5      | Noticed tobi4572's ghost (novice CeHu)
  3445 | D:5      | Killed tobi4572's ghost
  3445 | D:5      | Reached skill level 5 in Fighting
  3614 | D:5      | Reached skill level 1 in Evocations
  3614 | D:5      | Reached XP level 8. HP: 45/69 MP: 7/7
  4120 | D:5      | Noticed Grinder
  4120 | D:5      | Paralysed by Grinder for 2 turns
  4129 | D:5      | Paralysed by Grinder for 7 turns
  4139 | D:5      | Paralysed by Grinder for 7 turns
  4148 | D:5      | Killed Grinder
  5044 | D:6      | Reached XP level 9. HP: 76/78 MP: 9/9
  5401 | D:7      | Reached * piety under the Shining One
  5636 | D:7      | Found a staircase to the Ecumenical Temple.
  5892 | D:6      | Noticed Sigmund
  5894 | D:6      | Noticed Menkaure
  5900 | D:6      | Killed Menkaure
  5901 | D:6      | Killed Sigmund
  5901 | D:6      | Reached skill level 10 in Axes
  5997 | D:6      | Found a shadowy altar of Dithmenos.
  6466 | D:7      | Reached ** piety under the Shining One
  6505 | D:7      | Noticed tobi4572's ghost (novice SpAs)
  6523 | D:7      | Killed tobi4572's ghost
  6523 | D:7      | Reached XP level 10. HP: 78/88 MP: 10/10
  6604 | D:8      | Noticed Erica
  6833 | D:8      | Noticed a two-headed ogre
  6907 | D:8      | Found Tiyb's Magic Scroll Emporium.
  6916 | D:8      | Bought a scroll of identify for 26 gold pieces
  6931 | D:8      | Bought a scroll of enchant weapon for 97 gold pieces
  7063 | D:8      | Found Nias's General Store.
  7114 | D:8      | Got a pair of bloodstained boots
  7120 | D:8      | Identified the +3 pair of boots "Voaw" {rCorr Dex+5 Slay+3} (You found it on level 8 of the Dungeon)
  7131 | D:8      | Killed Erica
  7817 | D:8      | Killed a two-headed ogre
  8013 | D:10     | Entered Level 10 of the Dungeon
  8013 | D:10     | Reached *** piety under the Shining One
  8533 | D:9      | Reached skill level 1 in Maces & Flails
  8813 | D:10     | Found a staircase to the Lair.
  8845 | D:10     | Reached XP level 11. HP: 99/99 MP: 11/11
  8874 | Lair:1   | Entered Level 1 of the Lair of Beasts
  8876 | Lair:1   | Reached **** piety under the Shining One
  8884 | Lair:1   | Reached skill level 2 in Maces & Flails
  8971 | Lair:1   | Reached skill level 3 in Maces & Flails
  8988 | Lair:1   | Reached skill level 4 in Maces & Flails
  8993 | Lair:1   | Reached skill level 10 in Fighting
  9007 | Lair:1   | Reached skill level 5 in Maces & Flails
  9434 | Lair:1   | Noticed a four-headed hydra
  9445 | Lair:1   | Killed a one-headed hydra
  9445 | Lair:1   | Reached skill level 6 in Maces & Flails
  9506 | Lair:1   | Reached skill level 1 in Long Blades
  9555 | Lair:1   | Reached skill level 7 in Maces & Flails
 10023 | Lair:1   | Noticed an eight-headed hydra
 10412 | Lair:1   | Killed a six-headed hydra
 10576 | Lair:2   | Reached skill level 8 in Maces & Flails
 10591 | Lair:2   | Reached skill level 10 in Shields
 10614 | Lair:2   | Reached XP level 12. HP: 84/108 MP: 12/12
 10620 | Lair:2   | Reached skill level 10 in Armour
 10869 | Lair:2   | Reached skill level 9 in Maces & Flails
 11098 | Lair:2   | Noticed an eight-headed hydra
 11104 | Lair:2   | Killed an eight-headed hydra
 11543 | Lair:3   | Got a vibrating brass ring
 11613 | Lair:3   | Noticed Gastronok
 11627 | Lair:3   | Killed Gastronok
 11627 | Lair:3   | Reached skill level 10 in Maces & Flails
 11627 | Lair:3   | Reached skill level 1 in Stealth
 12160 | Lair:4   | Found a hole to the Spider Nest.
 12204 | Lair:4   | Reached skill level 11 in Maces & Flails
 12303 | Lair:4   | Reached ***** piety under the Shining One
 12551 | Lair:4   | Identified the cursed ring of Finality {Str-2 Slay+3} (You found it on level 3 of the Lair of Beasts)
 12654 | Lair:5   | Noticed a four-headed hydra
 12670 | Lair:4   | Killed a four-headed hydra
 12718 | Lair:4   | Found a staircase to the Shoals.
 12755 | Shoals:1 | Entered Level 1 of the Shoals
 12956 | Spider:1 | Entered Level 1 of the Spider Nest
 13065 | Lair:5   | Reached XP level 13. HP: 104/118 MP: 10/14
 13211 | Lair:6   | Entered Level 6 of the Lair of Beasts
 13237 | Lair:6   | Reached skill level 12 in Maces & Flails
 13667 | Lair:6   | Noticed Ivernyr's ghost (journeyman OgWz)
 13675 | Lair:6   | Noticed zuik's ghost (journeyman MiBe)
 13700 | Lair:6   | Killed Ivernyr's ghost
 13700 | Lair:6   | Reached skill level 13 in Maces & Flails
 13715 | Lair:6   | Mangled by zuik's ghost

Skill      XL: |  1  2  3  4  5  6  7  8  9 10 11 12 13 |
---------------+----------------------------------------+-----
Fighting       | 4 5 6 8 9 10 12 | 12.7
Armour         | 4 5 6 7 8 9 10 11 | 11.4
Shields        | 4 5 6 7 8 10 11 12 | 12.7
Axes           | 3 4 5 6 7 8 11 12 | 12.6
Dodging        | 1 2 3 4 |  4.6
Evocations     | 1 2 3 |  3.5
Maces & Flails | 1 8 11 13 | 13.0
Long Blades    | 1 |  1.7
Stealth        | 1 |  1.2
Invocations    | |  0.1

Action                   |  1- 3 |  4- 6 |  7- 9 | 10-12 | 13-15 || total
-------------------------+-------+-------+-------+-------+-------++-------
Melee: War axe           |   119 |   137 |   212 |   132 |       ||   600
       Headbutt          |    14 |    23 |    41 |   111 |    52 ||   241
       Flail             |       |       |       |   388 |   186 ||   574
       Scimitar          |       |       |       |     8 |       ||     8
Invok: Divine Shield     |       |       |       |     1 |     1 ||     2
 Abil: Evoke Berserk Rag |       |     1 |     3 |     3 |       ||     7
Evoke: Wand              |       |       |     3 |     6 |     3 ||    12
  Use: Scroll            |     2 |     3 |     6 |    15 |     1 ||    27
       Potion            |       |       |       |     1 |     4 ||     5
  Eat: Chunk             |     1 |     4 |    10 |    17 |     2 ||    34
       Ration            |     1 |       |     2 |     2 |       ||     5
Armor: Scale mail        |    47 |    55 |    47 |       |       ||   149
       Chain mail        |       |       |    10 |    37 |       ||    47
       Plate armour      |       |       |       |   204 |    92 ||   296
Dodge: Dodged            |    35 |    44 |    49 |   141 |    63 ||   332
Block: Shield            |    63 |    82 |    83 |   326 |   175 ||   729
